 Dungeon Crawl Stone Soup version 0.21.1-1-g345015f (webtiles) character file.

20742 aMcNicky the Fighter (level 12, -2/64 HPs)
             Began as a Felid Berserker on Mar 4, 2018.
             Was a High Priest of Trog.
             Engulfed by a cloud of flame (19 damage)
             ... in a volcano.
             The game lasted 01:03:43 (19902 turns).

aMcNicky the Fighter (Felid Berserker)             Turns: 19902, Time: 01:03:44

Health: -2/64      AC:  5    Str: 23    XL:     12   Next: 48%
Magic:  13/13      EV: 31    Int: 17    God:    Trog [*****.]
Gold:   587        SH:  0    Dex: 19    Spells: 11/11 levels left
                                        Lives:  0   Deaths: 3

rFire    . . .     SeeInvis +     - Unarmed
rCold    + . .     Gourm    +   (shield unavailable)
rNeg     + . .     Faith    .   (armour unavailable)
rPois    +         Spirit   .   (helmet unavailable)
rElec    +         Reflect  .   (cloak unavailable)
rCorr    .         Harm     .   (gloves unavailable)
MR       +....                  (boots unavailable)
Stlth    ++........             A - amulet of the gourmand
HPRegen  0.20/turn              M - ring "Uhos" {rElec rN+ Str+5 Int+4}
MPRegen  0.13/turn              N - ring "Baoph" {rPois Str+3 Int+3}

@: quick
A: very small, no armour, no weapons or thrown items, stealth, claws 1, fangs 3,
slimy green scales 1, see invisible, carnivore, clever 1, speed 1, shaggy fur 3,
slow metabolism 1, sharp paws
a: Berserk, Trog's Hand, Brothers in Arms, Burn Spellbooks, Renounce Religion


You were in a volcano.
You worshipped Trog.
Trog was extremely pleased with you.
You were full.

You visited 3 branches of the dungeon, and saw 14 of its levels.
You also visited: Volcano.

You collected 1822 gold pieces.
You spent 1235 gold pieces at shops.

Inventory:

Hand Weapons
 l - a +1 mace of draining
Missiles
 B - 8 curare-tipped needles
Jewellery
 A - an amulet of the gourmand (around neck)
 M - the ring "Uhos" (left paw) {rElec rN+ Str+5 Int+4}
   (You bought it in a shop on level 10 of the Dungeon)

   [ring of strength]

   It affects your strength (+5).
   It affects your intelligence (+4).
   It insulates you from electricity.
   It protects you from negative energy.
 N - the ring "Baoph" (right paw) {rPois Str+3 Int+3}
   (You bought it in a shop on level 10 of the Dungeon)

   [ring of strength]

   It affects your strength (+3).
   It affects your intelligence (+3).
   It protects you from poison.
Wands
 s - a wand of paralysis (9)
 u - a wand of flame (31)
 y - a wand of disintegration (8)
 P - a wand of scattershot (6)
Scrolls
 b - 2 scrolls of identify {@r1}
 e - 2 scrolls of enchant armour {unknown}
 f - 6 scrolls of fog
 h - 3 scrolls of remove curse {@r2}
 j - 13 scrolls of teleportation
 n - 2 scrolls of enchant weapon {unknown}
 r - 2 scrolls of noise {unknown}
 t - a scroll of blinking
 x - a scroll of immolation {unknown}
 z - a scroll of magic mapping {unknown}
 D - a scroll of torment {unknown}
 F - 3 scrolls of fear
 G - a scroll of brand weapon {unknown}
 I - a scroll of summoning {unknown}
 O - 3 scrolls of amnesia {unknown}
Potions
 c - a potion of heal wounds {unknown}
 d - a potion of haste {unknown}
 g - 2 potions of resistance
 i - 8 potions of curing {@q1}
 k - 2 potions of lignification {unknown}
 m - a potion of cancellation {unknown}
 o - a potion of might {unknown}
 p - 2 potions of invisibility {unknown}
 q - 5 potions of flight {unknown}
 v - 4 potions of brilliance
 w - 2 potions of mutation
 E - a potion of ambrosia {unknown}
 H - a potion of magic {unknown}
Books
 C - a book of Frost

   Spells                             Type                      Level
   a - Freeze                         Ice                          1
   b - Throw Frost                    Conjuration/Ice              2
   c - Ozocubu's Armour               Charms/Ice                   3
   d - Throw Icicle                   Conjuration/Ice              4
   e - Summon Ice Beast               Ice/Summoning                4
   Trog disapproves of the use of such an item.
 K - a book of Changes

   Spells                             Type                      Level
   a - Beastly Appendage              Transmutation                1
   b - Sticks to Snakes               Transmutation                2
   c - Spider Form                    Transmutation/Poison         3
   d - Ice Form                       Ice/Transmutation            4
   e - Blade Hands                    Transmutation                5
   Trog disapproves of the use of such an item.
Miscellaneous
 J - a phial of floods
Comestibles
 a - 26 rations


   Skills:
 * Level 14.0 Fighting
 + Level 13.3 Dodging
 * Level 13.9 Unarmed Combat


You had 11 spell levels left.
You didn't know any spells.

Dungeon Overview and Level Annotations

Branches:
Dungeon (10/15)            Temple (0/1) D:4            Lair (2/6) D:9
    Orc (2/2) D:9             Elf (0/3) Orc:2
  Swamp: Lair:2-4    Shoals: Lair:2-4     Snake: Lair:2-4    Spider: Lair:2-4

Altars:
Ashenzari
Cheibriados
Elyvilon
Fedhas
Gozag
Hepliaklqana
Kikubaaqudgha
Makhleb
Sif Muna
Wu Jian
Xom
Yredelemnul
The Shining One
Beogh

Shops:
D:6 %   D:7 *   D:8 ?   D:9 *%   D:10 =*   Orc:1 *   Orc:2 ([(:

Annotations:
D:4 2 transporters
D:7 1 transporter


Innate Abilities, Weirdness & Mutations

You cannot wear armour.
You are incapable of wielding weapons or throwing items.
Your paws allow you to move quietly. (Stealth)
You have sharp claws.
You have razor-sharp teeth.
You have supernaturally acute eyesight. (SInv)
You are carnivorous and can eat meat at any time.
You cover ground quickly.
Your thick and shaggy fur keeps you warm. (AC +3, rC+)
You have a slow metabolism.
Your sharp claws are effective at attacking unaware monsters.
You are partially covered in slimy green scales. (AC +2)
Your mind is acute. (Int +2)


Message History

You are very lightly contaminated with residual magic.
As you read the scroll of blinking, it crumbles to dust.
You start resting.
The air gets thick with the scent of sulphur.
You start resting.
The volcano roars to life, belching forth lava!
You are engulfed in blazing flames.
* * * LOW HITPOINT WARNING * * *
Okay, then.
You start resting.
You're standing in a cloud of flame!
You're standing in a cloud of flame!
You start resting.
Your magical contamination has completely faded away.
You start resting.
The air gets thick with the scent of sulphur.
You start resting.
The volcano roars to life, belching forth lava!
You are engulfed in blazing flames.
You die...

#..≈≈≈§§≈≈≈≈§≈≈≈≈.
#.≈≈≈§§≈§§§§§§§≈..
#..§≈§§§§≈≈§§§§...
##..§§≈§§§§§≈§§§≈..
#.≈≈≈§§≈§§§§§§≈§..
#..≈≈≈≈§§.§§§§§§≈.
#§§≈≈§§§§≈§§§§§≈≈.
#§§§§§§§≈≈§§§§§§≈.
#@§§§§≈§≈≈§§§§§≈..
#§§§§§§≈§§≈§§§≈§..
#§§§§§≈§§≈§§≈§§§.. .. ... ..
..§§§§§§§≈§≈§≈≈§≈...
≈≈.≈§§≈≈≈.≈≈.≈.§§§§§§§≈≈§≈≈§§≈...
≈≈§§§§≈≈≈≈≈§≈§§§§§§≈§§≈§≈≈≈≈≈§≈..
§≈§§≈§§≈≈≈§§≈§§§§§§§≈≈≈≈§§≈≈≈≈≈≈.
≈≈≈≈≈§§≈≈≈≈§≈§§§§§§§≈≈≈≈§≈≈≈§≈≈..
≈§§§§§§§≈≈≈≈.≈§§§§≈≈§≈§≈§≈≈≈§§...


There were no monsters in sight!

Vanquished Creatures
  An orc warlord (D:9)
  2 two-headed ogres (D:9)
  2 orc high priests (Orc:2)
  Nergalle (Lair:1)
  Pikel (D:4)
  2 orc sorcerers
  2 orc knights (Orc:2)
  An elephant (Lair:2)
  Maurice (Orc:1)
  3 black mambas (Lair:1)
  4 spiny frogs
  A rime drake (Lair:2)
  2 komodo dragons (Lair:2)
  2 trolls
  A hornet (D:10)
  4 blink frogs (Lair:2)
  A hippogriff (D:10)
  13 yaks
  Sigmund (D:5)
  A wraith (D:10)
  4 hogs (D:7)
  A human (D:7)
  A hungry ghost (D:7)
  A fire bat (Volcano)
  An acid dragon (D:8)
  7 wargs
  2 hell hounds (Lair:2)
  7 water moccasins
  8 porcupines
  20 orc warriors
  An ice beast (D:5)
  A black bear (D:10)
  An eye of draining (D:7)
  5 ogres
  3 centaurs
  8 wolves (Lair:1)
  3 crocodiles
  2 big kobolds
  11 bullfrogs
  A scorpion (D:9)
  6 killer bees
  2 howler monkeys
  3 crimson imps
  7 lava snakes (Volcano)
  A jelly (D:5)
  A quasit (D:6)
  5 hounds
  A bullfrog skeleton (D:7)
  14 orc priests
  4 iguanas
  16 orc wizards
  5 worker ants
  A killer bee zombie (D:8)
  A mummy (D:9)
  10 adders
  2 shadow imps
  3 worms
  2 dart slugs (D:1)
  6 leopard geckos
  67 orcs
  7 bats
  5 giant cockroaches
  8 goblins
  6 hobgoblins
  25 jackals
  9 kobolds
  6 quokkas
  4 ball pythons
  4 frilled lizards
  A leopard gecko skeleton (D:5)
  A quokka skeleton (D:5)
  8 rats
  A plant (Lair:1)
376 creatures vanquished.

Vanquished Creatures (collateral kills)
  Gastronok (D:9)
  A hydra (Lair:1)
  An orc high priest (Orc:2)
  An orc knight (Orc:2)
  An orc sorcerer (Orc:2)
  5 elephants (Lair:2)
  A spiny frog (Lair:1)
  A komodo dragon (Lair:1)
  A blink frog (Lair:1)
  2 yaks (Lair:1)
  2 basilisks (Lair:1)
  A warg (Orc:2)
  A water moccasin (Lair:1)
  A porcupine (Lair:1)
  4 orc warriors (Orc:2)
  A crocodile (Lair:1)
  A gnoll sergeant (D:9)
  A bullfrog (Lair:1)
  A quasit (D:9)
  3 orc priests
  2 orc wizards (Orc:2)
  5 gnolls (D:9)
  31 orcs
69 creatures vanquished.

Vanquished Creatures (others)
  2 orcs (Orc:2)
  3 bushes (D:9)
  5 fungi
  17 plants
27 creatures vanquished.

Grand Total: 472 creatures vanquished

Notes
Turn   | Place    | Note
-------+----------+-------------------------------------------
     0 | D:1      | aMcNicky the Felid Berserker began the quest for the Orb.
     0 | D:1      | Reached XP level 1. HP: 10/10 MP: 2/2
   182 | D:1      | Reached XP level 2. HP: 9/14 MP: 3/3
  1395 | D:2      | Reached XP level 3. HP: 17/17 MP: 4/4
  1872 | D:1      | Reached XP level 4. HP: 15/22 MP: 5/5
  2123 | D:2      | Reached ** piety under Trog
  2143 | D:2      | Found an opulent altar of Gozag.
  2336 | D:2      | Reached skill level 4 in Fighting
  2508 | D:2      | Reached skill level 5 in Dodging
  2998 | D:3      | Found a shimmering altar of Xom.
  3128 | D:3      | Reached XP level 5. HP: 25/25 MP: 6/6
  3227 | D:3      | Found an ancient bone altar of Kikubaaqudgha.
  4345 | D:4      | Found a staircase to the Ecumenical Temple.
  4349 | D:4      | Reached *** piety under Trog
  4367 | D:4      | Found a transporter.
  4375 | D:4      | Gained mutation: You are covered in thick fur. (AC +2) [Felid growth]
  4375 | D:4      | Reached XP level 6. HP: 29/30 MP: 7/7
  4480 | D:4      | Noticed a troll
  4487 | D:4      | Found a blossoming altar of Fedhas.
  4499 | D:4      | Found a transporter.
  4513 | D:4      | Found a shattered altar of Ashenzari.
  4524 | D:4      | Noticed a slave
  4527 | D:4      | Noticed Pikel
  4527 | D:4      | Noticed a slave
  4528 | D:4      | Noticed a slave
  4529 | D:4      | Noticed a slave
  4537 | D:4      | Killed Pikel
  4537 | D:4      | Reached skill level 6 in Fighting
  4537 | D:4      | Reached XP level 7. HP: 11/34 MP: 8/8
  4565 | D:4      | Mangled by an ogre
  4566 | D:4      | Reached XP level 6. HP: -13/31 MP: 7/7
  4945 | D:5      | Entered Level 5 of the Dungeon
  4945 | D:5      | Noticed an ice beast
  4954 | D:5      | Killed an ice beast
  4954 | D:5      | Reached XP level 7. HP: 35/35 MP: 8/8
  5358 | D:5      | Noticed Sigmund
  5370 | D:5      | Killed Sigmund
  5370 | D:5      | Reached skill level 7 in Fighting
  5973 | D:6      | Reached XP level 8. HP: 40/40 MP: 9/9
  6263 | D:6      | HP: 1/40 [poisoned by a killer bee]
  6264 | D:6      | Succumbed to a killer bee's poison
  6265 | D:6      | Reached XP level 7. HP: 0/36 MP: 8/8
  6371 | D:6      | Reached skill level 8 in Fighting
  6462 | D:6      | Found a white marble altar of Elyvilon.
  6589 | D:6      | Found Yxu Sux's Food Shoppe.
  6609 | D:6      | You fall through a shaft for 2 floors!
  6624 | D:8      | Reached **** piety under Trog
  6624 | D:8      | Reached XP level 8. HP: 40/40 MP: 9/9
  7222 | D:8      | You fall through a shaft for 2 floors!
  7222 | D:10     | Entered Level 10 of the Dungeon
  7235 | D:9      | Found a snail-covered altar of Cheibriados.
  7275 | D:9      | Found a deep blue altar of Sif Muna.
  7276 | D:9      | Found Ivolek's General Store.
  7284 | D:8      | Found Jukoosk's Magic Scroll Emporium.
  7529 | D:7      | Found Wexta's Assorted Antiques.
  7550 | D:7      | Bought a small platinum amulet for 125 gold pieces
  7693 | D:7      | Reached skill level 9 in Fighting
  7705 | D:7      | Reached XP level 9. HP: 45/45 MP: 10/10
  8146 | D:7      | Found a transporter.
  8381 | D:8      | Found a basalt altar of Yredelemnul.
  8383 | D:8      | Noticed a profane servitor
  8388 | D:8      | Found a glowing golden altar of the Shining One.
  8390 | D:8      | Noticed an angel
  8679 | D:8      | Gained mutation: You are partially covered in slimy green scales. (AC +2) [potion of mutation]
  8679 | D:8      | Gained mutation: Your mind is acute. (Int +2) [potion of mutation]
  8880 | D:9      | Found Geanoiq's Assorted Antiques.
  9000 | D:9      | Found a staircase to the Orcish Mines.
  9000 | D:9      | Found Ostaof's Food Shoppe.
  9000 | D:9      | Noticed a two-headed ogre
  9015 | D:9      | Killed a two-headed ogre
  9019 | D:9      | Reached skill level 10 in Fighting
  9024 | D:9      | Reached skill level 10 in Unarmed Combat
  9184 | D:9      | Reached XP level 10. HP: 51/51 MP: 11/11
  9188 | D:9      | Noticed a two-headed ogre
  9272 | D:8      | Reached skill level 10 in Dodging
  9330 | D:9      | Killed a two-headed ogre
  9391 | D:9      | Found a hazy altar of Hepliaklqana.
  9500 | D:9      | Found a staircase to the Lair.
  9598 | D:9      | Found a roughly hewn altar of Beogh.
  9626 | D:9      | Reached ***** piety under Trog
  9799 | D:9      | Reached skill level 11 in Fighting
  9808 | D:9      | Noticed Gastronok
  9854 | D:9      | Killed Gastronok
 10091 | D:9      | Found an ornate altar of the Wu Jian Council.
 10304 | Lair:1   | Entered Level 1 of the Lair of Beasts
 10330 | Orc:1    | Entered Level 1 of the Orcish Mines
 10458 | Orc:1    | Found a roughly hewn altar of Beogh.
 10486 | Orc:1    | Found Vesh's Assorted Antiques.
 10501 | Orc:1    | Noticed Maurice
 10527 | Orc:1    | Killed Maurice
 10527 | Orc:1    | Reached XP level 11. HP: 49/55 MP: 12/12
 11048 | Orc:2    | Entered Level 2 of the Orcish Mines
 11334 | Orc:2    | Found a roughly hewn altar of Beogh.
 11335 | Orc:2    | Noticed an orc knight
 11339 | Orc:2    | Found Nuurchor's Weapon Boutique.
 11349 | Orc:2    | Noticed an orc high priest
 11349 | Orc:2    | Killed an orc knight
 11356 | Orc:2    | Killed an orc high priest
 11627 | Orc:2    | Found a staircase to the Elven Halls.
 11653 | Orc:2    | Noticed an orc knight
 11678 | Orc:2    | Killed an orc knight
 11901 | Orc:2    | Found a burning altar of Makhleb.
 12027 | Orc:2    | Found a roughly hewn altar of Beogh.
 12299 | Orc:2    | Found a roughly hewn altar of Beogh.
 12541 | Orc:2    | Found a roughly hewn altar of Beogh.
 12546 | Orc:2    | Noticed an orc high priest
 12548 | Orc:2    | Reached skill level 12 in Fighting
 12554 | Orc:2    | Killed an orc high priest
 12556 | Orc:2    | Found Bota's Book Emporium.
 12691 | Orc:2    | Noticed an orc sorcerer
 12692 | Orc:2    | Noticed an orc warlord
 12692 | Orc:2    | Noticed an orc sorcerer
 12695 | Orc:2    | Noticed an orc knight
 12817 | Orc:2    | Noticed a sun demon
 12827 | D:9      | Slain by a warg
 12828 | D:9      | Reached XP level 10. HP: -4/79 MP: 11/11
 12871 | D:9      | Killed an orc warlord
 13562 | Orc:1    | Killed an orc sorcerer
 13742 | Orc:2    | Noticed an orc sorcerer
 13887 | Orc:2    | Killed an orc sorcerer
 13887 | Orc:2    | Reached XP level 11. HP: 55/57 MP: 12/12
 13957 | Orc:2    | Killed an orc knight
 14027 | Orc:2    | Noticed an orc high priest
 14278 | Orc:2    | Killed an orc sorcerer
 14307 | Orc:2    | Killed an orc high priest
 14308 | Orc:2    | Found a roughly hewn altar of Beogh.
 14308 | Orc:2    | Found Wecipt's Antique Armour Boutique.
 14358 | Orc:2    | Found Imotai's Antique Weapon Shop.
 15162 | D:10     | Found Gotiopp's Jewellery Emporium.
 15170 | D:10     | Bought the ring "Uhos" {rElec rN+ Str+5 Int+4} for 745 gold pieces
 15170 | D:10     | Bought the ring "Baoph" {rPois Str+3 Int+3} for 365 gold pieces
 15673 | D:10     | Found Seoneorod's Assorted Antiques.
 15934 | Lair:1   | Reached skill level 13 in Fighting
 16337 | Lair:1   | Noticed a seven-headed hydra
 16350 | Lair:1   | Killed an eight-headed hydra
 17297 | Lair:1   | Noticed Nergalle
 17305 | Lair:1   | Killed Nergalle
 17305 | Lair:1   | Gained mutation: Your thick and shaggy fur keeps you warm. (AC +3, rC+) [Felid growth]
 17305 | Lair:1   | Reached XP level 12. HP: 63/63 MP: 13/13
 19116 | Lair:2   | Found a dark tunnel.
 19128 | Volcano  | Entered a volcano
 19418 | Volcano  | Reached skill level 14 in Fighting
 19902 | Volcano  | Engulfed by a cloud of flame

Skill      XL: |  1  2  3  4  5  6  7  8  9 10 11 12 |
---------------+-------------------------------------+-----
Fighting       | 4 6 8 9 10 11 13 14 | 14.0
Unarmed Combat | 4 6 8 9 10 11 13 | 13.9
Dodging        | 5 6 8 9 10 12 13 | 13.3

Action                   |  1- 3 |  4- 6 |  7- 9 | 10-12 || total
-------------------------+-------+-------+-------+-------++-------
Melee: Unarmed           |    68 |   157 |   309 |   561 ||  1095
       Bite              |     4 |    17 |    30 |    73 ||   124
       Punch             |     2 |       |    18 |    56 ||    76
Invok: Berserk           |     5 |    10 |    18 |    36 ||    69
       Trog's Hand       |       |     1 |     2 |       ||     3
       Brothers in Arms  |       |       |     1 |    12 ||    13
       Burn Spellbooks   |       |       |       |     1 ||     1
  Use: Scroll            |       |     2 |     4 |     8 ||    14
       Potion            |       |       |     1 |       ||     1
 Stab: Sleeping          |     1 |     5 |     6 |     4 ||    16
       Distracted        |       |     1 |     1 |     1 ||     3
  Eat: Chunk             |    11 |    21 |    35 |    61 ||   128
Armor: Skin              |     5 |     9 |    12 |    14 ||    40
Dodge: Dodged            |    46 |   136 |   264 |   488 ||   934
